Map: Ulrena

Players

llllllllllll

  • Race: Protoss Protoss
  • League: Master

llllllllllll - Winner!

  • Race: Terran Terran
  • League: Master

VOD

Have the link to the VOD?

Description

Time

  • Played on: Jan. 21, 2016, 1:22 a.m.
  • Length: 19:20
Show
View Real Time Build Order
Export as new Build Order

llllllllllll Protoss 

Build Orders: Oracle Opening, Phoenix Opening 

Get SALT Encoding   

  12  0:01  Probe (Chrono Boost)  
  13  0:11  Probe (Chrono Boost)  
  14  0:18  Pylon  
  14  0:22  Probe (Chrono Boost)  
  15  0:36  Probe (Chrono Boost)  
  15  0:37  Gateway  
  16  0:47  Assimilator, Probe (Chrono Boost)  
  17  0:52  Assimilator  
  17  0:57  Probe (Chrono Boost)  
  18  1:05  Pylon  
  18  1:08  Probe (Chrono Boost)  
  20  1:18  Probe (Chrono Boost)  
  20  1:25  Cybernetics Core  
  20  1:29  Probe (Chrono Boost)  
  21  1:39  Probe (Chrono Boost)  
  22  1:50  Probe (Chrono Boost)  
  25  2:02  Mothership Core (Chrono Boost)  
  25  2:05  Pylon  
  25  2:06  Pylon  
  25  2:08  Pylon  
  25  2:09  Warp Gate (Chrono Boost)  
  24  2:19  Stargate  
  24  2:24  Adept (Chrono Boost)  
  24  2:28  Probe  
  27  2:33  Pylon  
  27  2:40  Probe  
  28  2:52  Probe  
  28  2:54  Adept (Chrono Boost)  
  31  3:02  Oracle (Chrono Boost)  
  34  3:14  Pylon  
  34  3:19  Adept  
  34  3:20  Mothership Core  
  36  3:34  Phoenix (Chrono Boost)  
  36  3:42  Probe  
  36  3:47  Adept  
  39  3:56  Phoenix (Chrono Boost)  
  41  4:06  Nexus  
  41  4:18  Phoenix (Chrono Boost)  
  41  4:19  Probe  
  44  4:30  Pylon  
  44  4:31  Probe  
  45  4:39  Phoenix (Chrono Boost)  
  47  4:49  Gateway  
  47  4:53  Gateway  
  47  5:00  Adept  
  52  5:17  Void Ray (Chrono Boost)  
  53  5:26  Adept  
  55  5:52  Void Ray, Adept x3  
  62  6:12  Adept x3  
  68  6:29  Void Ray  
  70  6:40  Pylon  
  70  6:44  Pylon  
  68  6:55  Pylon  
  67  7:09  Pylon  
  67  7:11  Pylon  
  67  7:13  Pylon  
  67  7:14  Pylon  
  59  7:47  Oracle  
  57  7:54  Adept x3  
  62  8:05  Nexus, Mothership Core  
  62  8:07  Pylon  
  62  8:18  Oracle  
  64  8:41  Robotics Facility  
  55  9:10  Adept x3  
  62  9:26  Phoenix  
  62  9:28  Observer (Chrono Boost)  
  61  9:32  Stalker x2  
  65  9:40  Stalker  
  71  9:53  Immortal (Chrono Boost)  
  71  10:05  Stalker  
  73  10:25  Adept  
  73  10:26  Adept  
  73  10:27  Warp Prism (Chrono Boost)  
  43  10:43  Stalker  
  43  10:48  Stalker  
  43  10:49  Stalker  
  46  10:54  Pylon  
  46  10:58  Observer (Chrono Boost)  
  47  11:04  Pylon  
  47  11:05  Pylon  
  47  11:06  Mothership Core (Chrono Boost)  
  45  11:19  Zealot  
  45  11:20  Zealot x2  
  51  11:31  Immortal (Chrono Boost)  
  49  11:44  Adept x2  
  53  11:47  Adept  
  55  12:02  Probe (Chrono Boost)  
  55  12:03  Assimilator, Probe (Chrono Boost)  
  55  12:04  Assimilator  
  55  12:07  Observer (Chrono Boost)  
  58  12:15  Probe x2 (Chrono Boost)  
  60  12:20  Twilight Council  
  60  12:25  Probe x2 (Chrono Boost)  
  62  12:32  Pylon  
  62  12:39  Immortal (Chrono Boost)  
  66  12:52  Blink (Chrono Boost)  
  66  13:02  Sentry  
  68  13:13  Stalker  
  68  13:14  Stalker  
  70  13:21  Observer, Gateway  
  69  13:34  Sentry  
  71  13:44  Sentry  
  71  13:45  Gateway, Sentry  
  71  13:46  Gateway  
  75  13:59  Stalker  
  77  14:10  Adept  
  77  14:29  Stalker x3  
  76  14:45  Stalker  
  76  14:46  Stalker  
  79  14:55  Stalker  
  79  14:57  Zealot x2  
  79  14:58  Zealot  
  87  15:13  Stalker  
  87  15:15  Stalker  
  85  15:23  Stalker  
  85  15:30  Stalker  
  85  15:33  Zealot x3  
  87  15:49  Stalker x2  
  55  16:04  Stalker x2  
  59  16:34  Stalker, Sentry  
  48  16:55  Observer  
  48  17:00  Adept  
  48  17:01  Zealot x3, Adept x2  
  55  17:17  Observer (Chrono Boost)  
  56  17:33  Stalker x2  
  59  17:42  Stalker, Zealot x2  
  45  18:14  Stalker x3  
  45  18:38  Warp Prism (Chrono Boost)  
  43  18:50  Stalker x2  
Show
View Real Time Build Order
Export as new Build Order

llllllllllll Terran - Winner!

Build Orders: Cyclone Opening 

Get SALT Encoding   

  12  0:00  SCV  
  13  0:13  SCV  
  14  0:17  Supply Depot  
  14  0:25  SCV  
  15  0:31  Refinery  
  15  0:39  SCV  
  16  0:45  Barracks  
  16  0:51  SCV  
  17  1:03  SCV  
  18  1:12  Refinery  
  18  1:16  SCV  
  19  1:32  Marine  
  21  1:35  Factory, Orbital Command  
  20  1:45  Supply Depot  
  20  1:51  Marine  
  21  2:01  Engineering Bay  
  21  2:07  SCV  
  22  2:11  Marine  
  23  2:19  Factory Tech Lab, SCV  
  24  2:31  Missile Turret  
  24  2:32  Marine  
  25  2:41  Cyclone  
  28  2:50  Marine  
  26  2:56  SCV  
  25  3:11  Supply Depot  
  24  3:33  Cyclone, SCV  
  28  3:34  Barracks Reactor  
  28  3:35  Factory  
  28  3:45  Armory  
  28  3:47  SCV  
  29  4:01  Supply Depot  
  29  4:04  SCV  
  30  4:22  Marine x2  
  32  4:32  Thor  
  38  4:43  Drilling Claws  
  39  4:49  Supply Depot  
  39  4:52  Factory Reactor  
  39  4:57  Supply Depot  
  39  5:00  Supply Depot  
  38  5:17  Thor  
  38  5:20  Marine x2  
  46  5:30  Widow Mine x2  
  50  5:38  Marine x2  
  52  5:45  SCV  
  49  5:58  Widow Mine x2  
  49  5:59  Marine  
  49  6:00  Cyclone  
  49  6:03  Marine  
  58  6:08  Supply Depot  
  58  6:19  Marine  
  58  6:21  Marine  
  58  6:42  Widow Mine x2  
  58  6:43  Cyclone, Marine x2  
  63  7:06  Marine x2  
  65  7:11  Widow Mine x2  
  40  7:54  Cyclone, Widow Mine x2  
  40  7:55  Marine x2  
  40  7:58  Terran Vehicle And Ship Armor Level 1  
  47  7:59  Command Center  
  41  8:22  Widow Mine  
  41  8:23  Widow Mine  
  41  8:25  Marine  
  41  8:26  Cyclone  
  49  8:42  Marine  
  49  8:43  Marine  
  49  8:47  SCV  
  49  9:06  Widow Mine x2  
  49  9:07  Cyclone, Marine x2  
  58  9:13  Engineering Bay  
  58  9:23  SCV  
  59  9:42  Orbital Command  
  59  9:43  Missile Turret  
  59  9:49  Cyclone, Widow Mine x2  
  59  9:52  Marine  
  67  9:55  Marine  
  68  10:03  SCV  
  43  10:49  Cyclone, Widow Mine  
  41  10:50  Widow Mine, Marine x2  
  41  10:53  SCV x2  
  41  10:56  Factory  
  41  10:57  Factory  
  49  11:06  Refinery  
  49  11:29  SCV  
  50  11:35  Cyclone, Widow Mine x2  
  57  11:43  Refinery  
  57  11:44  Factory Tech Lab  
  57  11:51  Widow Mine x2  
  61  11:58  SCV x2  
  63  12:03  Mag-Field Accelerator  
  63  12:13  SCV x2  
  65  12:17  Cyclone  
  68  12:23  Widow Mine x4  
  68  12:27  Widow Mine  
  78  12:35  SCV  
  79  12:45  Missile Turret  
  79  12:48  Refinery  
  79  12:49  Refinery  
  79  12:51  SCV, Orbital Command  
  80  13:09  Cyclone, Widow Mine  
  85  13:25  SCV  
  86  13:28  Supply Depot, Widow Mine x2  
  86  13:30  SCV  
  81  13:38  Cyclone, Widow Mine  
  86  13:50  SCV  
  86  13:53  Terran Vehicle Weapons Level 1  
  86  14:17  Cyclone, Widow Mine x2  
  91  14:27  SCV  
  89  14:33  Widow Mine  
  89  14:34  Cyclone  
  89  14:47  SCV  
  90  15:06  SCV  
  89  15:08  Widow Mine  
  89  15:09  Cyclone  
  93  15:22  SCV  
  94  15:31  Supply Depot  
  94  15:32  Widow Mine x2  
  101  15:39  Widow Mine  
  98  15:47  SCV  
  98  15:48  SCV  
  98  15:51  Siege Tank  
  98  15:52  Siege Tank  
  73  16:11  Widow Mine x2  
  58  16:12  Widow Mine x2  
  65  16:19  SCV x2  
  67  16:26  Missile Turret  
  67  16:31  SCV x2  
  67  16:43  SCV  
  52  17:02  Widow Mine x3, Siege Tank  
  52  17:03  Widow Mine, Siege Tank  
  52  17:07  SCV x2  
  62  17:28  SCV x2  
  64  17:47  Cyclone, Widow Mine x4, Siege Tank  
  64  17:49  SCV x2  
  80  17:53  Supply Depot  
  61  18:15  Widow Mine  
  61  18:16  Widow Mine  
  61  18:19  Cyclone  
  66  18:20  SCV x2  
  59  18:34  Widow Mine x3  
  55  18:44  SCV  
  56  18:50  Widow Mine x3  
Tags
 
Add a new tag
Caveats
  • Supply blocks, unpowered buildings, or Contaminate may cause inaccurate times.
  • Supply counts are checked every 10 seconds.